 Dungeon Crawl Stone Soup version 0.22-a0-197-g4ac3794 (webtiles) character file.

32 Amnesiac the Shooter (level 3, -2/29 HPs)
             Began as a Centaur Hunter on Feb 18, 2018.
             Slain by an adder (3 damage)
             ... on level 1 of the Dungeon.
             The game lasted 00:01:48 (1316 turns).

Amnesiac the Shooter (Centaur Hunter)               Turns: 1316, Time: 00:01:49

Health: -2/29      AC:  4    Str: 14 (15) XL:     3   Next: 10%
Magic:  3/3        EV:  9    Int:  8 (10) God:
Gold:   24         SH:  0    Dex:  8 (9)  Spells: 2/2 levels left

rFire    . . .     SeeInvis .   w - +2 dagger (venom)
rCold    . . .     Gourm    .   (no shield)
rNeg     . . .     Faith    .   c - +0 leather armour
rPois    .         Spirit   .   (no helmet)
rElec    .         Reflect  .   (no cloak)
rCorr    .         Harm     .   (no gloves)
MR       .....                  (no barding)
Stlth    ..........             (no amulet)
HPRegen  0.09/turn              (no ring)
MPRegen  0.08/turn              (no ring)

@: lethally poisoned (-2 -> -21), very quick
A: large, hooves 3, deformed body, speed 2, tough skin 3
a: no special abilities


You were on level 1 of the Dungeon.
You were not hungry.

You visited 1 branch of the dungeon, and saw 2 of its levels.

You collected 24 gold pieces.

Inventory:

Hand Weapons
 a - a +1 shortbow
 b - a +0 hunting sling
 m - a +0 short sword
 w - a +2 dagger of venom (weapon)
Missiles
 d - 20 arrows
 i - 20 stones (quivered)
Armour
 c - a +0 leather armour (worn)
Jewellery
 n - an uncursed ring of see invisible {unknown}
Scrolls
 e - a scroll of fear {!r, unknown}
 j - 2 scrolls of identify {!r, unknown}
 k - a scroll of enchant weapon {!r, unknown}
Potions
 h - a potion of lignification {!q, unknown}
Comestibles
 f - 4 rations
 g - a chunk of flesh


   Skills:
 - Level 2.0 Fighting
 + Level 6.7 Bows
 - Level 1.3 Dodging
 - Level 0.4 Stealth


You had 2 spell levels left.
You didn't know any spells.

Dungeon Overview and Level Annotations

Branches:
Dungeon (2/15)

Altars:

Annotations:
D:2 Sigmund


Innate Abilities, Weirdness & Mutations

You have hooves in place of feet.
Armour fits poorly on your strangely shaped body.
You cover ground very quickly.
You have extremely tough skin. (AC +3)


Message History

You closely miss the hobgoblin.
The jackal barks!
You hear an angry hiss.
The kobold throws a stone.
The stone hits you. The hobgoblin closely misses you.
The adder bites you but does no damage. 2 jackals come into view.
You barely miss the adder.
The jackal barks! x2
The adder barely misses you. The hobgoblin hits you with a club.
The bat hits you. x2; The adder bites you.
The goblin completely misses you. The hobgoblin barely misses you.
You climb upwards.
There is a stone staircase leading down here.
The adder closely misses you. The bat hits you but does no damage.
The adder bites you.
The hobgoblin hits you but does no damage.
The bat barely misses you. The bat hits you but does no damage.
The bat hits you but does no damage.
You barely miss the bat. The bat hits you but does no damage. x2
You miss the bat. The bat hits you but does no damage.
The bat barely misses you.
You hit the bat.
You kill the bat!
You miss the adder. The adder bites you.
You are poisoned.
The adder poisons you!
You closely miss the adder.
You feel sick.
The adder bites you but does no damage. x2
You hit the adder but do no damage.
The adder is poisoned.
The adder bites you.
You are more poisoned.
The adder poisons you!
You miss the adder.
You feel sick. The adder bites you.
You barely miss the adder.
You feel sick. The adder closely misses you. The adder bites you.
* * * LOW HITPOINT WARNING * * *
You are lethally poisoned!
The adder poisons you!
You hit the adder but do no damage.
The adder looks as sick as possible!
The adder is lightly wounded.
* * * LOW HITPOINT WARNING * * *
You feel sick. The adder bites you.
* * * LOW HITPOINT WARNING * * *
You are more poisoned.
The adder poisons you!
You miss the adder.
The adder is heavily wounded.
* * * LOW HITPOINT WARNING * * *
You feel sick. The adder bites you.
* * * LOW HITPOINT WARNING * * *
You closely miss the adder.
The adder is heavily wounded.
* * * LOW HITPOINT WARNING * * *
You feel sick. The adder bites you.
* * * LOW HITPOINT WARNING * * *
You are more poisoned.
The adder poisons you! The adder bites you.
* * * LOW HITPOINT WARNING * * *
Really quaff
l - a lumpy green potion {!q}?
It was a potion of degeneration {!q}.
There was something very wrong with that liquid.
You feel weakened.
You feel dopey.
You feel clumsy.
* * * LOW HITPOINT WARNING * * *
You feel sick. The adder bites you.
You die...

.#.#.......................#####
...#.###...)...).......).......#
#.##.#.....>#..................##
..##.#.#.#..#.#########..........
....................#.#.#..##..##
#....#...#..#.#####.#.#.#..#....#
#....+......### #.#...........#
##...######.#######.#.#.#.......#
#..........)....@Sgg>.#.#..#.....
.......####.#######.###.##.####.#
###########.# #........# #..
#...........##############.# ###
#.#.#.########...........#.# #
....#.# #.#########.#.### #
......# #.# #.....#.# # ....#.#
#.# #.#.#>#.# ###.### #.#
#.#.###.#


You could see an adder, a hobgoblin and a goblin.

Vanquished Creatures
  5 bats
  A goblin (D:1)
  10 hobgoblins
  2 frilled lizards (D:2)
  5 kobolds (D:1)
  7 rats (D:1)
30 creatures vanquished.

Notes
Turn   | Place    | Note
-------+----------+-------------------------------------------
     0 | D:1      | Amnesiac the Centaur Hunter began the quest for the Orb.
     0 | D:1      | Reached XP level 1. HP: 17/17 MP: 1/1
   596 | D:1      | Reached XP level 2. HP: 23/24 MP: 2/2
   598 | D:1      | Reached skill level 6 in Bows
  1238 | D:2      | Reached XP level 3. HP: 28/29 MP: 3/3
  1264 | D:2      | Noticed Sigmund
  1316 | D:1      | HP: 1/29 [poisoned by an adder]
  1316 | D:1      | Slain by an adder

Vault maps used:
D:1:      dpeg_arrival_yet_another_circle
D:2:      gammafunk_temple_overflow_wave, uniq_sigmund

Skill      XL: |  1  2 |
---------------+-------+-----
Bows           | 6 |  6.7
Fighting       | |  2.0
Dodging        | |  1.3
Stealth        | |  0.4

Action                   || total
-------------------------++-------
Melee: Short sword       ||    63
       Kick              ||    15
       Dagger            ||    21
 Fire: Shortbow          ||     2
  Use: Potion            ||     1
  Eat: Chunk             ||     1
Armor: Leather armour    ||    58
Dodge: Dodged            ||    60

Table legend:
 A = Spawn XP
 B = Non-spawn XP
 C = Spawn XP percentage of total XP
 D = Spawn monster count
 E = Non-spawn monster count
 F = Spawn count percentage of total count
 G = Total turns spent on level
                    A         B        C        D         E        F      G
               +---------+---------+-------+---------+---------+-------+---------
         Total |       0 |      47 |   0.0 |       0 |      30 |   0.0 |  1316
               +---------+---------+-------+---------+---------+-------+---------
           D:1 |       0 |      40 |   0.0 |       0 |      25 |   0.0 |  1231
           D:2 |       0 |       7 |   0.0 |       0 |       5 |   0.0 |    85
               +---------+---------+-------+---------+---------+-------+---------
